Kradschützen Motorcycle Team
Selects Battlefield Espionage Battlegroup
Selects Sector Subterfuge Beacon
Construct Light Support Kompanie
Selects Sector Subterfuge Beacon
Selects 250/3 Funkpanzerwagen
Construct Mechanized Kompanie
254 Reconnaissance Tractor
Selects Anti-Tank Incendiary Munitions
Selects Disruption Operation
Construct Panzerarmee Kommand
Flak 36 Anti-tank Gun Team
Selects Operation Skorpion